 Dungeon Crawl Stone Soup version 0.31-a0-216-g22e908daa7 (webtiles) character file.

Game seed: 9655586331204161451

127 qw the Shooter (level 4, 0/36 HPs)
             Began as a Minotaur Hexslinger on July 2, 2023.
             Slain by Grinder (4 damage)
             ... on level 3 of the Dungeon.
             The game lasted 00:00:50 (2095 turns).

qw the Shooter (Minotaur Hexslinger)                Turns: 2095, Time: 00:00:50

Health: 0/36       AC:  5    Str: 12    XL:     4   Next: 85%
Magic:  4/4        EV: 11    Int: 10    God:
Gold:   113        SH:  0    Dex: 15    Spells: 4/5 levels left

rFire   . . .        Y - +1 sling
rCold   . . .        (no shield)
rNeg    . . .        f - +0 ring mail
rPois   .            (helmet restricted)
rElec   .            (no cloak)
rCorr   .            (no gloves)
SInv    .            (no boots)
Will    .....        (no amulet)
Stlth   +            (no ring)
HPRegen 0.26/turn    (no ring)
MPRegen 0.09/turn

%: no passive effects
@: no status effects
A: horns 2, retaliatory headbutt
a: no special abilities


You were on level 3 of the Dungeon.
You visited 1 branch of the dungeon, and saw 3 of its levels.

You collected 113 gold pieces.


Innate Abilities, Weirdness & Mutations

You have a pair of horns on your head.
You reflexively headbutt those who attack you in melee.


   Skills:
 - Level 2.0 Fighting
 + Level 4.9 Ranged Weapons
 - Level 2.0 Armour
 - Level 2.1 Dodging
 - Level 1.0 Spellcasting
 - Level 2.0 Hexes


You had 4 spell levels left.
You knew the following spells:

 Your Spells              Type           Power      Damage    Failure   Level
a - Slow                  Hex            16%        N/A       32%         1

Your spell library contained the following spells:

 Spells                   Type           Power      Damage    Failure   Level
 Inner Flame              Hex/Fire       2%         N/A       83%         3
 Portal Projectile        Hex/Tloc       4%         N/A       83%         3
 Cause Fear               Hex            2%         N/A       97%         4

Inventory:

Hand Weapons
 Y - a +1 sling (weapon)
Armour
 f - a +0 ring mail (worn)
Jewellery
 d - an amulet of guardian spirit
Wands
 e - a wand of digging (6)
Scrolls
 a - a scroll of identify
 g - a scroll of enchant armour {unknown}
 j - a scroll of revelation {unknown}
Potions
 b - a potion of might {unknown}
 c - a potion of degeneration {unknown}
 h - a potion of brilliance {unknown}
 i - a potion of haste {unknown}

Dungeon Overview and Level Annotations

Branches:
Dungeon (3/15)

Altars:
Sif Muna

Annotations:
D:3 Grinder


Message History

Grinder blinks!
You can move again.
You shoot a sling bullet.
The sling bullet closely misses Grinder.
You shoot a sling bullet. The sling bullet hits Grinder.
Grinder is moderately wounded.
Grinder gestures at you.
You suddenly lose the ability to move!
Grinder gestures at you. Pain shoots through your body!
You can move again.
You shoot a sling bullet. The sling bullet hits Grinder.
Grinder is moderately wounded.
You shoot a sling bullet. The sling bullet barely misses Grinder.
Grinder gestures at you. You resist with significant effort.
You shoot a sling bullet. The sling bullet hits Grinder.
Grinder is moderately wounded.
Grinder hits you!
You writhe in agony.
You shoot a sling bullet.
The sling bullet hits Grinder but does no damage.
Grinder is moderately wounded.
Grinder gestures at you. You resist with significant effort.
You shoot a sling bullet. The sling bullet barely misses Grinder.
Grinder hits you!
You writhe in agony.
You shoot a sling bullet.
The sling bullet hits Grinder but does no damage.
Grinder is moderately wounded.
Grinder hits you.
You writhe in agony.
You shoot a sling bullet.
The sling bullet closely misses Grinder.
Grinder barely misses you. x2
You shoot a sling bullet.
The sling bullet closely misses Grinder.
Grinder hits you but does no damage.
You shoot a sling bullet. The sling bullet hits Grinder.
Grinder is moderately wounded.
Grinder hits you.
You writhe in agony.
You die...

.. . ... .## ...
..#
##########.#####%#
.##............#.#
.##.....##.....#.#
.##..##.##.....#@#
.....##.##.....#5#
..........>...##.#
....######.......#
.##.# #.......#
.##.# #.#####.#
.##.# #.....#.#
..#.# #>###.#.#
..#.. #.#...#.#


You could see Grinder.

Vanquished Creatures
  An orc priest (D:3)
  5 adders
  2 dart slugs
  2 orcs (D:3)
  4 ball pythons (D:2)
  An endoplasm (D:1)
  2 giant cockroaches
  6 goblins
  6 hobgoblins
  3 kobolds
  2 quokkas
  7 bats
  5 frilled lizards
  4 rats
50 creatures vanquished.

Notes
Turn   | Place    | Note
-------+----------+-------------------------------------------
     0 | D:1      | qw the Minotaur Hexslinger began the quest for the Orb.
     0 | D:1      | Reached XP level 1. HP: 16/16 MP: 1/1
     0 | D:1      | 0 ||| qw: Version: 0.3-a-35-g05ef00e
     0 | D:1      | 0 ||| qw: Game counter: 7832
     0 | D:1      | 0 ||| qw: Melee chars always use a shield: true
     0 | D:1      | 0 ||| qw: God list: Okawaru
     0 | D:1      | 0 ||| qw: Allow faded altars: false
     0 | D:1      | 0 ||| qw: Do Orc after clearing Dungeon:15 true
     0 | D:1      | 0 ||| qw: Do second Lair branch before Depths: true
     0 | D:1      | 0 ||| qw: Lair rune preference: random
     0 | D:1      | 0 ||| qw: Goals: Normal
     0 | D:1      | 0 ||| PLANNING D:1-11
   229 | D:1      | Reached skill level 3 in Ranged Weapons
   237 | D:1      | Reached XP level 2. HP: 10/23 MP: 2/2
   664 | D:1      | 664 ||| UPGRADING to +0 leather armour.
   674 | D:1      | 674 ||| DROPPING +0 robe.
   675 | D:1      | 675 ||| DROPPING ring of wizardry.
   676 | D:1      | 676 ||| READING scroll labelled ZOBRIH SINUR.
   677 | D:1      | 677 ||| READING scroll labelled MATOXI KYPTUT.
   678 | D:1      | 678 ||| READING scroll labelled WYDENOTWEY.
   679 | D:1      | 679 ||| READING 2 scrolls labelled GAUGOT KAIZOLL.
   683 | D:1      | 683 ||| READING scroll labelled GIULYA SEKEYNEN.
   684 | D:1      | 684 ||| READING scroll labelled ITTUGIKHOI.
   685 | D:1      | 685 ||| DROPPING scroll of poison.
   715 | D:2      | Found a shimmering blue altar of Sif Muna.
   797 | D:2      | Reached XP level 3. HP: 29/29 MP: 3/3
   900 | D:2      | Reached skill level 4 in Ranged Weapons
  1368 | D:2      | 1368 ||| UPGRADING to +0 ring mail.
  1378 | D:2      | 1378 ||| DROPPING +0 leather armour.
  1379 | D:2      | 1379 ||| DRINKING 2 golden potions.
  1418 | D:3      | Reached XP level 4. HP: 25/36 MP: 4/4
  1418 | D:3      | 1418 ||| FLEEEEING.
  1419 | D:3      | 1419 ||| FLEEEEING.
  1420 | D:3      | 1420 ||| FLEEEEING.
  1423 | D:3      | 1423 ||| FLEEEEING.
  1425 | D:3      | 1425 ||| STAIRDANCE
  1504 | D:3      | 1504 ||| DRINKING potion of curing.
  1504 | D:3      | 1504 ||| (to cure confusion)
  1509 | D:3      | 1509 ||| STAIRDANCE
  1524 | D:2      | HP: 9/36 [something (2)]
  1530 | D:2      | HP: 4/36 [orc wizard/+0 dagger (3)]
  1533 | D:2      | 1533 ||| READING scroll of teleportation.
  1664 | D:3      | 1664 ||| STAIRDANCE
  1746 | D:3      | Found a faded altar of an unknown god.
  2076 | D:3      | Noticed Grinder
  2081 | D:3      | Paralysed by Grinder for 3 turns
  2085 | D:3      | Paralysed by Grinder for 2 turns
  2091 | D:3      | HP: 6/36 [Grinder (6)]
  2095 | D:3      | Slain by Grinder

Levels and vault maps discovered:
D:1:      dpeg_arrival_rooms_c, layout_loops_cross, kennysheep_boxes
D:2:      minmay_evil_eye, layout_basic, basic_altar,
          amcnicky_mini_rare_corridor_liquid, dk_noncrumbling_3
D:3:      layout_basic, shapermc_ecumenical_altar_mp_urbaneastern, uniq_grinder

Skill      XL: |  1  2  3 |
---------------+----------+-----
Ranged Weapons | 3 4 |  4.9
Fighting       | 2 |  2.0
Armour         | 2 |  2.0
Dodging        | |  2.1
Spellcasting   | |  1.0
Hexes          | |  2.0

Action                     |  1- 3 |  4- 6 || total
---------------------------+-------+-------++-------
   Fire: Sling             |    99 |    72 ||   171
    Use: Scroll            |     6 |     1 ||     7
         Potion            |     1 |     1 ||     2
 Armour: Leather armour    |    12 |       ||    12
         Ring mail         |     2 |    22 ||    24
  Dodge: Dodged            |    46 |    20 ||    66

Table legend:
 A = Non-vault XP
 B = Vault XP
 C = Vault XP percentage of total XP
 D = Non-vault monster count
 E = Vault monster count
 F = Vault count percentage of total count
                 A         B        C        D         E       F
            +---------+---------+-------+---------+---------+-------
      Total |     177 |       5 |   2.7 |      47 |       3 |   6.0
            +---------+---------+-------+---------+---------+-------
        D:1 |      23 |       0 |   0.0 |      16 |       0 |   0.0
        D:2 |      77 |       5 |   6.1 |      19 |       3 |  13.6
        D:3 |      77 |       0 |   0.0 |      12 |       0 |   0.0
            +---------+---------+-------+---------+---------+-------
